 Dungeon Crawl Stone Soup version 0.25-a0-949-gdd2af9e06e (webtiles) character file.

Game seed: 9782866086858976201, levelgen mode: deterministic

207 Atelerd the Magician (level 5, -4/32 HPs)
             Began as an Octopode Wizard on May 8, 2020.
             Slain by a bullfrog skeleton (6 damage)
             ... on level 4 of the Dungeon.
             The game lasted 00:06:19 (3971 turns).

Atelerd the Magician (Octopode Wizard)              Turns: 3971, Time: 00:06:19

Health: -4/32      AC:  1    Str:  7    XL:     5   Next: 85%
Magic:  1/11       EV: 12    Int: 21    God:
Gold:   124        SH:  0    Dex:  4    Spells: 6/12 levels left

rFire    . . .     SeeInvis .   n - +0 dagger
rCold    . . .     Gourm    .   (no shield)
rNeg     . . .     Faith    .   a - +0 hat
rPois    .         Spirit   .   o - amulet of rage
rElec    .         Reflect  .   l - -6 ring of dexterity (curse)
rCorr    .         Harm     .   (no ring)
MR       .....                  (no ring)
Stlth    +++.......             (no ring)
HPRegen  0.10/turn              (no ring)
MPRegen  0.12/turn              (no ring)
                                (no ring)
                                (no ring)

@: berserk cooldown, very slightly contaminated, slowed, very slow
A: almost no armour, stealthy swim, amphibious, 8 rings, constrict 8, camouflage
1, gelatinous body 1
a: Evoke Berserk Rage


You were on level 4 of the Dungeon.
You were hungry.

You visited 1 branch of the dungeon, and saw 4 of its levels.

You collected 124 gold pieces.

Inventory:

Hand Weapons
 n - a +0 dagger (weapon)
Armour
 a - a +0 hat (worn)
Jewellery
 l - a cursed -6 ring of dexterity (left tentacle)
 o - an amulet of rage (around mantle)
 s - a +2 amulet of reflection {unknown}
Scrolls
 b - 3 scrolls of teleportation {unknown}
 e - a scroll of immolation {unknown}
 g - a scroll of fear {unknown}
 h - 2 scrolls of identify {unknown}
 k - a scroll of remove curse {unknown}
 m - a scroll of magic mapping {unknown}
Potions
 d - a potion of lignification
 f - a potion of heal wounds {unknown}
 i - a potion of flight {unknown}
 j - 2 potions of berserk rage
 p - a potion of brilliance {unknown}
 q - a potion of invisibility
 r - a potion of resistance {unknown}
 u - a potion of might {unknown}
 v - a potion of curing {unknown}
Comestibles
 c - 6 rations


   Skills:
 + Level 0.8 Fighting
 + Level 2.2 Dodging
 + Level 3.1 Stealth
 + Level 4.0 Spellcasting
 + Level 3.9 Conjurations
   Level 1.0 Summonings
 - Level 1.0 Translocations
 * Level 1.0 Poison Magic
 + Level 1.0 Evocations


You had 6 spell levels left.
You knew the following spells:

 Your Spells              Type           Power        Failure   Level  Hunger
a - Magic Dart            Conj           ###.         2%          1    None
b - Mephitic Cloud        Conj/Pois/Air  ##......     19%         3    ###....
c - Blink                 Tloc           N/A          12%         2    #......

Your spell library contained the following spells:

 Spells                   Type           Power        Failure   Level  Hunger
 Call Imp                 Summ           #.......     12%         2    #......
 Conjure Flame            Conj/Fire      ##......     16%         3    ###....
 Slow                     Hex            #.......     19%         2    #......


Dungeon Overview and Level Annotations

Branches:
Dungeon (4/15)
 Temple: D:4-7

Altars:

Annotations:
D:2 exclusion: downstairs


Innate Abilities, Weirdness & Mutations

You cannot wear most types of armour.
You are very stealthy in the water. (Stealth+)
You are amphibious.
You can wear up to eight rings at the same time.
You can use your tentacles to constrict eight enemies at once.
Your skin changes colour to match your surroundings (Stealth+).
Your rubbery body absorbs attacks. (AC +1, EV +1)


Message History

The orc hits you but does no damage.
Unknown command.
Okay, then.
You barely miss the orc.
The orc is moderately wounded.
The bullfrog skeleton hits you but does no damage.
Unknown command.
You hit the bullfrog skeleton.
The bullfrog skeleton is lightly damaged.
The bullfrog skeleton hits you but does no damage. x2
Unknown command.
You hit the bullfrog skeleton.
The bullfrog skeleton is lightly damaged.
You feel less wooden.
Your +0 hat unmelds from your body.
The bullfrog skeleton barely misses you.
The orc hits you with a +0 dagger.
* * * LOW HITPOINT WARNING * * *
The bullfrog skeleton hits you.
You die...

##.....##
#..#....##########
#.#.#............##
#..#...#########..#####
#....############......
#....##........ ####...
#...#...#.....# #...
#..#..Z#.#.).# #.[.
#.#...@)#...# #...
##...##o..# #...
########## ###. #. #.
## # #


You could see an orc (confused) and a bullfrog skeleton.

Vanquished Creatures
  An orc priest (D:4)
  A gnoll (D:3)
  8 adders
  An ooze (D:1)
  3 worms
  A dart slug (D:2)
  4 leopard geckos
  6 orcs
  2 ball pythons (D:1)
  6 bats
  6 giant cockroaches
  7 goblins
  4 hobgoblins
  3 jackals (D:1)
  5 kobolds
  A quokka (D:2)
  4 frilled lizards
  12 rats
75 creatures vanquished.

Notes
Turn   | Place    | Note
-------+----------+-------------------------------------------
     0 | D:1      | Atelerd the Octopode Wizard began the quest for the Orb.
     0 | D:1      | Reached XP level 1. HP: 11/11 MP: 4/4
   290 | D:1      | Reached XP level 2. HP: 17/17 MP: 1/6
   645 | D:1      | Reached XP level 3. HP: 21/21 MP: 5/7
  1622 | D:2      | Learned a level 3 spell: Mephitic Cloud
  1625 | D:2      | Learned a level 2 spell: Blink
  1835 | D:2      | Reached XP level 4. HP: 27/27 MP: 6/9
  2760 | D:3      | Reached XP level 5. HP: 15/31 MP: 4/10
  3953 | D:4      | Reached skill level 4 in Spellcasting
  3953 | D:4      | Reached skill level 1 in Poison Magic
  3953 | D:4      | Reached skill level 1 in Evocations
  3971 | D:4      | Slain by a bullfrog skeleton

Levels and vault maps discovered:
D:1:      nzn_arrival_settlement, layout_basic, chequers_mini_garden
D:2:      layout_basic
D:3:      layout_rooms, first_ration, grunt_ministairs_13
D:4:      layout_rooms, minmay_temple_entry_large_hall,
          hangedman_decor_slide_cut

Skill      XL: |  1  2  3  4  5 |
---------------+----------------+-----
Conjurations   | 2 3 |  3.9
Stealth        | 3 |  3.1
Spellcasting   | 4 |  4.0
Poison Magic   | 1 |  1.0
Evocations     | 1 |  1.0
Fighting       | |  0.8
Dodging        | |  2.2
Summonings     | |  1.0
Translocations | |  1.0

Action                   |  1- 3 |  4- 6 || total
-------------------------+-------+-------++-------
Melee: Unarmed           |     3 |       ||     3
       Constrict         |     1 |     4 ||     5
       Tentacles         |     1 |     1 ||     2
       Dagger            |     3 |    42 ||    45
 Cast: Magic Dart        |    79 |    86 ||   165
       Mephitic Cloud    |       |     4 ||     4
  Use: Potion            |       |     3 ||     3
 Stab: Sleeping          |     1 |     1 ||     2
  Eat: Chunk             |     3 |     6 ||     9
Armor: Skin              |       |    17 ||    17
Dodge: Dodged            |     7 |    24 ||    31

Table legend:
 A = Non-vault XP
 B = Vault XP
 C = Vault XP percentage of total XP
 D = Non-vault monster count
 E = Vault monster count
 F = Vault count percentage of total count
                 A         B        C        D         E       F
            +---------+---------+-------+---------+---------+-------
      Total |     281 |      16 |   5.4 |      73 |       2 |   2.7
            +---------+---------+-------+---------+---------+-------
        D:1 |      56 |       0 |   0.0 |      31 |       0 |   0.0
        D:2 |      58 |       0 |   0.0 |      11 |       0 |   0.0
        D:3 |     119 |      16 |  11.9 |      28 |       2 |   6.7
        D:4 |      48 |       0 |   0.0 |       3 |       0 |   0.0
            +---------+---------+-------+---------+---------+-------
